 Dungeon Crawl Stone Soup version 0.18-a0-1774-gce1f7b6 (webtiles) character file.

36 namelastname112 the Sneak (level 3, -3/18 HPs)
             Began as a Vine Stalker Assassin on Apr 15, 2016.
             Slain by an adder (4 damage)
             ... on level 3 of the Dungeon.
             The game lasted 00:01:17 (1303 turns).

namelastname112 the Sneak (Vine Stalker Assassin)   Turns: 1303, Time: 00:01:18

Health: -3/18      AC:  4    Str: 13    XL:     3   Next: 37%
Magic:  0/4        EV: 12    Int: 11    God:
Gold:   43         SH:  0    Dex: 16    Spells: 0 memorised, 2 levels left

rFire  . . .     SeeInvis .     n - -1 dagger (curse)
rCold  . . .     Gourm    .     c - +0 robe
rNeg   . . .     Faith    .     (no shield)
rPois  +         Spirit   +     (no helmet)
rElec  .         Dismiss  .     d - +0 cloak
rCorr  .         Reflect  .     (no gloves)
SustAt .         Harm     .     q - +0 pair of boots
MR     .....                    (no amulet)
Stlth  +++.......               (no ring)
                                v - ring of poison resistance

@: lethally poisoned (-3 -> -4), not resistant to hostile enchantments, fairly
stealthy
A: fangs 2, regeneration 1, magic shield, antimagic bite, no device heal 3, rot
immunity
a: no special abilities


You were on level 3 of the Dungeon.
You were very hungry.

You visited 1 branch of the dungeon, and saw 3 of its levels.

You collected 43 gold pieces.

Inventory:

Hand Weapons
 a - a +2 dagger
 b - a +0 blowgun
 n - a cursed -1 dagger (weapon)
Missiles
 e - 43 poisoned needles
 f - 2 curare-tipped needles
Armour
 c - a +0 robe (worn)
 d - a +0 cloak (worn)
 q - a +0 pair of boots (worn)
Jewellery
 v - a ring of poison resistance (left hand)
Scrolls
 h - 2 scrolls of teleportation {unknown}
 j - 3 scrolls of identify {unknown}
 l - 3 scrolls of enchant weapon {unknown}
 m - a scroll of amnesia {unknown}
 t - a scroll of random uselessness {unknown}
 w - a scroll of magic mapping {unknown}
 x - 4 scrolls of enchant armour {unknown}
 y - a scroll of fog {unknown}
Potions
 k - a potion of haste {unknown}
 p - a potion of curing {unknown}
 r - a potion of berserk rage {unknown}
 s - 2 potions of might {unknown}
 u - a potion of beneficial mutation {unknown}
Comestibles
 g - 2 bread rations
 i - 2 beef jerkies
 o - a royal jelly


   Skills:
 + Level 2.0 Fighting
 * Level 2.3 Short Blades
 + Level 1.9 Throwing
 + Level 1.2 Dodging
 * Level 5.3 Stealth


You had 2 spell levels left.
You didn't know any spells.

Dungeon Overview and Level Annotations

Branches:
Dungeon (3/15)

Altars:


Innate Abilities, Weirdness & Mutations

You have extremely sharp teeth.
Your natural rate of healing is unusually fast.
When hurt, damage is shared between your health and your magic reserves.
Your bite disrupts and absorbs the magic of your enemies.
Potions and wands cannot restore your health.
You are immune to rotting.


Message History

You are too injured to fight recklessly!
You take 4 damage, and have 3/18 hp.
MASSIVE DAMAGE!!
You are too injured to fight recklessly!
You are too injured to fight recklessly!
An adder is nearby!
An adder is nearby!
You closely miss the adder. Your bite misses the adder.
The adder is lightly wounded.
The adder bites you but does no damage.
You closely miss the adder.
The adder is lightly wounded.
You feel sick. The adder bites you.
* * * LOW HITPOINT WARNING * * *
You take 1 damage, and have 2/18 hp.
You closely miss the adder.
The adder is lightly wounded.
The adder bites you.
* * * LOW HITPOINT WARNING * * *
The adder bites you.
You die...

#. .....## ###
#...##.....# +...
#..##.....##
#⌠..########.##.......
#..S#..............##
+...@...............#
#####................
#............<.....
#..................
#..............†..#
#.................#
##.................
##..........#####.
#....###.### .


You could see an adder.

Vanquished Creatures
  A worm (D:2)
  A giant gecko (D:1)
  7 bats
  2 giant cockroaches
  2 goblins
  3 hobgoblins
  3 jackals (D:1)
  A quokka (D:2)
  3 ball pythons
  A giant newt (D:2)
  7 rats
31 creatures vanquished.

Notes
Turn   | Place    | Note
--------------------------------------------------------------
     0 | D:1      | namelastname112 the Vine Stalker Assassin began the quest for the Orb.
     0 | D:1      | Reached XP level 1. HP: 11/11 MP: 2/2
    62 | D:1      | Reached skill level 5 in Stealth
   111 | D:1      | Reached skill level 1 in Dodging
   111 | D:1      | Reached XP level 2. HP: 15/15 MP: 3/3
   694 | D:2      | Found a faded altar to an unknown god.
   795 | D:2      | Reached XP level 3. HP: 16/18 MP: 4/4
  1303 | D:3      | Slain by an adder

Vault maps used:
D:1:      dpeg_arrival_prison, hex_tiny
D:2:      ecumenical_altar_2, first_bread
D:3:      lemuel_zombie_altar_yredelemnul, marbit_many_paths,
          kennysheep_nondescript, uniq_jessica

Skill      XL: |  1  2 |
---------------+-------+-----
Short Blades   | 2 |  2.3
Stealth        | 5 |  5.3
Dodging        | 1 |  1.2
Fighting       | 2 |  2.0
Throwing       | |  1.9

Action                   || total
-------------------------++-------
Melee: Dagger            ||   103
       Bite              ||    25
 Stab: Sleeping          ||    11
Armor: Robe              ||    26
Dodge: Dodged            ||    73
